 Dungeon Crawl Stone Soup version 0.31-a0-188-g5e087ee2ca (webtiles) character file.

Game seed: 17474794858382448475

42 Morbidden the Slasher (level 3, 0/40 HPs)
             Began as a Demonspawn Gladiator on June 23, 2023.
             Slain by an ogre
             ... wielding a +0 giant spiked club
              (20 damage)
             ... on level 4 of the Dungeon.
             The game lasted 00:01:56 (800 turns).

Morbidden the Slasher (Demonspawn Gladiator)         Turns: 800, Time: 00:01:57

Health: 0/40       AC: 21    Str: 11 (13) XL:     3   Next: 35%
Magic:  3/3        EV:  2    Int:  8 (10) God:
Gold:   53         SH:  4    Dex: 16 (18) Spells: 2/2 levels left

rFire   . . .        a - +0 long sword
rCold   . . .        l - +0 buckler
rNeg    + . .        o - melded +0 scale mail
rPois   +            c - melded +0 helmet
rElec   .            (cloak currently unavailable)
rCorr   .            (gloves currently unavailable)
SInv    .            (boots currently unavailable)
Will    .....        (no amulet)
Stlth   +            k - ring of positive energy
HPRegen 0.26/turn    (no ring)
MPRegen 0.08/turn

%: no passive effects
@: tree-form, unable to read
A: stationary, stasis, torment immunity, boosted hp, (spiny 1), (sturdy frame
1), (talons 1), agile 1, deterioration 1, wild magic 1, inability to read after
injury 1
a: no special abilities


You were on level 4 of the Dungeon.
You were a tree.
You visited 1 branch of the dungeon, and saw 3 of its levels.

You collected 53 gold pieces.

Inventory:

Hand Weapons
 a - a +0 long sword (weapon)
Missiles
 d - 3 throwing nets
 h - 6 boomerangs
Armour
 c - a +0 helmet (melded)
 l - a +0 buckler (worn)
 o - a +0 scale mail (melded)
Jewellery
 k - a ring of positive energy (left branch)
Wands
 b - a wand of charming (11)
Scrolls
 i - a scroll of identify {unknown}
 m - a scroll of immolation {unknown}
 n - a scroll of vulnerability {unknown}


   Skills:
 * Level 2.1 Fighting
 * Level 3.3 Long Blades
 * Level 1.9 Throwing
 * Level 0.3 Armour
 * Level 3.1 Dodging
 * Level 0.4 Shields
 * Level 0.3 Spellcasting


You had 2 spell levels left.
You didn't know any spells.
Your spell library contained the following spells:

 Spells                   Type           Power      Damage    Failure   Level
 Sandblast                Erth           0%         2d4       61%         1
 Passwall                 Tmut/Erth      0%         N/A       75%         2
 Stone Arrow              Conj/Erth      0%         3d7       92%         3


Dungeon Overview and Level Annotations

Branches:
Dungeon (2/15)

Altars:


Innate Abilities, Weirdness & Mutations

You are a tree.
Your roots penetrate the ground, keeping you stationary.
You cannot be teleported.
You are immune to unholy pain and torment.
Your maximum health is greatly increased.
Your equipment is partially melded.
((You are partially covered in sharp spines.))
((Your movements are slightly less encumbered by armour. (ER -2)))
((You have sharp toenails.))
You are agile. (Dex +4, Str/Int -1)
Your body sometimes deteriorates upon taking damage.
Your spells are a little harder to cast, but a little more powerful.
You occasionally lose the ability to read scrolls when taking damage.


Message History

It was a potion of degeneration.
There was something very wrong with that liquid.
You feel weakened.
You feel dopey.
You feel clumsy.
Okay, then.
It was a potion of lignification.
You turn into a tree.
Your +0 helmet melds into your body.
Your +0 scale mail melds into your body.
Your roots penetrate the ground.
Unknown command.
Throw: javelin
Press: ? - help, Q - select action, (/) - cycle Shift-Dir - straight line, f - ogre
Aim: an ogre, wielding a +0 giant spiked club (75% to hit)
You throw a javelin. The javelin barely misses the ogre.
Unknown command.
Unknown command.
You barely miss the ogre.
The ogre hits you with a +0 giant spiked club.
You completely miss the ogre.
The ogre hits you with a +0 giant spiked club!!
Ouch! That really hurt!
You cannot move.
Unknown command.
You barely miss the ogre. The ogre hits you but does no damage.
You hit the ogre.
The ogre is lightly wounded.
The ogre hits you but does no damage.
Unknown command.
You barely miss the ogre.
The ogre is lightly wounded.
The ogre barely misses you.
Unknown command.
You slash the ogre!
The ogre is moderately wounded.
Unknown command.
You barely miss the ogre.
The ogre is moderately wounded.
The ogre hits you with a +0 giant spiked club!!
You feel threatened and lose the ability to read scrolls!
Ouch! That really hurt!
You die...

#.# #.### # ##)..###
$#. ##......## ...#
##........### #..#
##...........##
#..##.............##
#....O..)..†......#
###..♣............#
##................# #
#.......)........## ##
#.......)........####.
#................#....
##.................#..
#..............####..
###...........## ###
###..:...####


You could see an ogre.

Vanquished Creatures
  An adder (D:2)
  2 orcs (D:4)
  5 bats
  4 goblins
  5 hobgoblins
  2 jackals (D:1)
  A quokka (D:4)
  A ball python (D:1)
  2 frilled lizards
  A kobold (D:1)
  A rat (D:1)
25 creatures vanquished.

Vanquished Creatures (collateral kills)
  An orc (D:4)
1 creature vanquished.

Vanquished Creatures (others)
  An orc wizard (D:4)
1 creature vanquished.

Grand Total: 27 creatures vanquished

Notes
Turn   | Place    | Note
-------+----------+-------------------------------------------
     0 | D:1      | Morbidden the Demonspawn Gladiator began the quest for the
                  | Orb.
     0 | D:1      | Reached XP level 1. HP: 16/16 MP: 1/1
   144 | D:1      | Gained mutation: You are partially covered in sharp spines.
                  | [demonic ancestry]
   144 | D:1      | Reached XP level 2. HP: 22/22 MP: 2/2
   659 | D:2      | Gained mutation: Your movements are slightly less
                  | encumbered by armour. (ER -2) [demonic ancestry]
   659 | D:2      | Reached XP level 3. HP: 27/27 MP: 3/3
   736 | D:2      | You fall into a shaft and drop 2 floors!
   783 | D:4      | Noticed an ogre
   788 | D:4      | Gained mutation: You are clumsy. (Dex -2) [potion of
                  | mutation]
   788 | D:4      | Gained mutation: Your body sometimes deteriorates upon
                  | taking damage. [potion of mutation]
   788 | D:4      | Gained mutation: Potions are less effective at restoring
                  | your health. [potion of mutation]
   789 | D:4      | Lost mutation: You are clumsy. (Dex -2) [potion of
                  | mutation]
   789 | D:4      | Lost mutation: Potions are less effective at restoring your
                  | health. [potion of mutation]
   789 | D:4      | Gained mutation: You occasionally lose the ability to read
                  | scrolls when taking damage. [potion of mutation]
   789 | D:4      | Gained mutation: You are agile. (Dex +4, Str/Int -1)
                  | [potion of mutation]
   789 | D:4      | Gained mutation: Your spells are a little harder to cast,
                  | but a little more powerful. [potion of mutation]
   789 | D:4      | Gained mutation: You have sharp toenails. [potion of
                  | mutation]
   800 | D:4      | Slain by an ogre

Illustrated notes

Levels and vault maps discovered:
D:1:      dpeg_arrival_windows_large_door, layout_basic, dreamdust_wishing_well
D:2:      layout_basic, nicolae_shop_vocational, uniq_jessica
D:4:      layout_cave_pods, nicolae_tso_besieged_by_evil, minmay_quantized

Skill      XL: |  1  2 |
---------------+-------+-----
Dodging        | 3 |  3.1
Long Blades    | 3 |  3.3
Fighting       | |  2.1
Throwing       | |  1.9
Armour         | |  0.3
Shields        | |  0.4
Spellcasting   | |  0.3

Action                     || total
---------------------------++-------
  Melee: Long sword        ||    55
  Throw: Boomerang         ||     2
         Javelin           ||     1
  Evoke: Wand              ||     1
    Use: Potion            ||     4
 Armour: Leather armour    ||    15
         Skin              ||     2
         Scale mail        ||     1
  Dodge: Dodged            ||    30
  Block: Buckler           ||     3

Table legend: (Time is in decaauts)
 A = Elapsed time spent in this place.
 B = Non-inter-level travel time spent in this place.
 C = Inter-level travel time spent in this place.
 D = Time resting spent in this place.
 E = Time spent auto-exploring this place.
 F = Levels seen in this place.
 G = Mean time per level.
                   A        B        C        D        E       F      G
               +--------+--------+--------+--------+--------+-----+--------+
         Total |    814 |    709 |    105 |      0 |    518 |   3 |  271.3 |
       Dungeon |    814 |    709 |    105 |      0 |    518 |   3 |  271.3 |
               +--------+--------+--------+--------+--------+-----+--------+

Top non-repeatable levels by time:
     D:1: 689 daAuts
     D:4: 67 daAuts
     D:2: 58 daAuts
